 Dungeon Crawl Stone Soup version 0.27.0-1-g7a089689b8 (webtiles) character file.

Game seed: 12427255001673481416

233 Mjolnir the Grave Robber (level 5, -4/45 HPs)
             Began as a Deep Dwarf Necromancer on Aug 8, 2021.
             Slain by Duvessa (8 damage)
             ... on level 4 of the Dungeon.
             The game lasted 00:20:31 (3093 turns).

Mjolnir the Grave Robber (Deep Dwarf Necromancer)   Turns: 3093, Time: 00:20:33

Health: -4/45      AC:  5    Str: 11    XL:     5   Next: 74%
Magic:  2/10       EV: 12    Int: 17    God:
Gold:   72         SH:  0    Dex: 13    Spells: 7/11 levels left

rFire    . . .     SeeInvis .   a - +3 dagger
rCold    . . .     Faith    .   (no shield)
rNeg     . . .     Spirit   .   m - +2 animal skin
rPois    .         Reflect  .   h - +0 helmet
rElec    .         Harm     .   (no cloak)
rCorr    .         Rampage  .   (no gloves)
Will     .....                  (no boots)
Stlth    ++........             (no amulet)
HPRegen  0.00/turn              (no ring)
MPRegen  0.12/turn              (no ring)

@: lethally poisoned (-4 -> -4)
A: damage resistance, heal wounds, sense surroundings 1, no regeneration
a: Heal Wounds


You were on level 4 of the Dungeon.
You visited 1 branch of the dungeon, and saw 4 of its levels.

You collected 72 gold pieces.

Inventory:

Hand Weapons
 a - a +3 dagger (weapon)
 b - a +0 short sword
 k - a +0 hunting sling
 u - a +2 falchion of holy wrath
Missiles
 i - 31 bolts
 j - 78 stones
 l - 6 curare-tipped darts
Armour
 h - a +0 helmet (worn)
 m - a +2 animal skin (worn)
 s - a +0 robe
Magical Staves
 v - a staff of fire
Scrolls
 c - 3 scrolls of amnesia {unknown}
 e - a scroll of torment {unknown}
 f - a scroll of enchant armour {unknown}
 n - a scroll of fear {unknown}
 q - a scroll of blinking {unknown}
 r - a scroll of noise {unknown}
Potions
 d - a potion of flight {unknown}
 g - a potion of haste {unknown}
 o - a potion of resistance {unknown}
 p - a potion of attraction {unknown}
 t - a potion of curing {unknown}


   Skills:
 * Level 2.2 Fighting
 + Level 2.3 Dodging
 + Level 2.5 Stealth
 * Level 3.8 Spellcasting
 + Level 5.3 Necromancy


You had 7 spell levels left.
You knew the following spells:

 Your Spells              Type           Power      Damage    Failure   Level
a - Pain                  Necr           84%        1d8       1%          1
d - Vampiric Draining     Necr           10%        2d7       5%          3

Your spell library contained the following spells:

 Spells                   Type           Power      Damage    Failure   Level
 Animate Skeleton         Necr           42%        N/A       1%          1
 Animate Dead             Necr           10%        N/A       17%         4
 Agony                    Necr           21%        N/A       43%         5


Dungeon Overview and Level Annotations

Branches:
Dungeon (4/15)
 Temple: D:4-7

Altars:

Annotations:
D:3 2 transporters, GnoME's ghost, amateur GrFi
D:4 Duvessa


Innate Abilities, Weirdness & Mutations

You are resistant to damage.
You can heal yourself by infusing magical energy.
You passively map a small area around you.
You do not regenerate.


Message History

Okay, then.
Casting: Pain (safe; 1% risk of failure)
Confirm with . or Enter, or press ? or * to list all spells.
Aiming: Vampiric Draining (dangerous; 5% risk of failure)
Press: ? - help, Shift-Dir - straight line, f - Duvessa
Aim: Duvessa, wielding a +1 dagger of venom, wearing a +0 ring mail and quivering stones (berserk)
You draw life force from Duvessa!
You feel life coursing into your body.
Duvessa hits you with a +1 dagger of venom.
You are poisoned.
Duvessa hits you with a +1 dagger of venom!
Duvessa hits you with a +1 dagger of venom!
* * * LOW HITPOINT WARNING * * *
Casting: Vampiric Draining (dangerous; 5% risk of failure)
Confirm with . or Enter, or press ? or * to list all spells.
Aiming: Vampiric Draining (dangerous; 5% risk of failure)
Press: ? - help, Shift-Dir - straight line, f/p - Duvessa
Aim: Duvessa, wielding a +1 dagger of venom, wearing a +0 ring mail and quivering stones (lightly wounded, berserk)
You draw life force from Duvessa!
You feel life coursing into your body. Duvessa closely misses you.
Duvessa hits you with a +1 dagger of venom!
* * * LOW HITPOINT WARNING * * *
You are more poisoned.
Unknown command.
Duvessa barely misses you.
Duvessa hits you with a +1 dagger of venom!
* * * LOW HITPOINT WARNING * * *
Casting: Vampiric Draining (dangerous; 5% risk of failure)
Confirm with . or Enter, or press ? or * to list all spells.
Aiming: Vampiric Draining (dangerous; 5% risk of failure)
Press: ? - help, Shift-Dir - straight line, f/p - Duvessa
Aim: Duvessa, wielding a +1 dagger of venom, wearing a +0 ring mail and quivering stones (moderately wounded, berserk)
Okay, then.
Casting: Vampiric Draining (dangerous; 5% risk of failure)
Confirm with . or Enter, or press ? or * to list all spells.
Aiming: Vampiric Draining (dangerous; 5% risk of failure)
Press: ? - help, Shift-Dir - straight line, f/p - Duvessa
Aim: Duvessa, wielding a +1 dagger of venom, wearing a +0 ring mail and quivering stones (moderately wounded, berserk)
You draw life force from Duvessa.
You feel life coursing into your body.
Duvessa hits you with a +1 dagger of venom!
You die...

.....<.....# * ** * #.#* *
#).# ###.### #.# * , ..#
#.....# ####.# * ***
#.#####.....#######)...#
#......................# *
#.#####.....#######..<.###
#.# #.....# ##.#.##. , #.#
###.### #...... * #.# #@#
###.##. #.# #e# #.### *#.#
#.# #.# * *#.#######.#
#.#, *#.........# #.. , *
########### ### , * , ,*


You could see Duvessa (berserk).

Vanquished Creatures
  Dowan (D:4)
  Terence (D:3)
  2 orc wizards (D:3)
  Robin (D:2)
  2 adders (D:2)
  A worm (D:3)
  6 orcs (D:3)
  8 ball pythons
  3 endoplasms
  9 hobgoblins
  4 jackals (D:1)
  2 quokkas
  3 bats (D:1)
  A frilled lizard (D:2)
  14 goblins
  5 kobolds
  6 rats
69 creatures vanquished.

Notes
Turn   | Place    | Note
-------+----------+-------------------------------------------
     0 | D:1      | Mjolnir the Deep Dwarf Necromancer began the quest for the
                  | Orb.
     0 | D:1      | Reached XP level 1. HP: 15/15 MP: 3/3
   283 | D:1      | Found a faded altar of an unknown god.
   287 | D:1      | Reached XP level 2. HP: 16/22 MP: 0/4
   925 | D:2      | Reached XP level 3. HP: 17/30 MP: 2/6
   929 | D:2      | Learned a level 3 spell: Vampiric Draining
  1038 | D:2      | Noticed Robin
  1234 | D:2      | Reached skill level 1 in Fighting
  1291 | D:2      | Killed Robin
  1578 | D:2      | Reached skill level 5 in Necromancy
  1578 | D:2      | Reached XP level 4. HP: 21/38 MP: 1/8
  2505 | D:3      | Found a transporter.
  2626 | D:3      | Noticed Terence
  2632 | D:3      | Killed Terence
  2633 | D:3      | Reached XP level 5. HP: 41/45 MP: 2/10
  2855 | D:3      | Noticed an ogre
  2893 | D:3      | Noticed GnoME's ghost (amateur GrFi)
  2895 | D:3      | Noticed an ogre
  2905 | D:3      | Found a transporter.
  2929 | D:4      | Noticed an orc warrior
  2936 | D:4      | Noticed Duvessa
  2936 | D:4      | Noticed Dowan
  2951 | D:4      | Killed Dowan
  3092 | D:4      | HP: 1/45 [Duvessa (8)]
  3093 | D:4      | Slain by Duvessa

Illustrated notes

Levels and vault maps discovered:
D:1:      dpeg_arrival_shrine, layout_loops_ring,
          hellmonk_ecumenical_altar_arch_garden, minmay_misc_feat_cross,
          chequers_avenue
D:2:      layout_rooms, kennysheep_cluttered_room, roderic_lattice_a,
          grunt_decor_one_mirror, lightli_corner_chamber, uniq_robin
D:3:      layout_loops_cross, gammafunk_ghost_smash, chequers_garden,
          uniq_terence
D:4:      layout_loops_ring, uniq_duvessa, uniq_grinder

Skill      XL: |  1  2  3  4 |
---------------+-------------+-----
Spellcasting   | 2 3 |  3.8
Fighting       | 1 2 |  2.2
Necromancy     | 5 |  5.3
Dodging        | |  2.3
Stealth        | |  2.5

Action                   |  1- 3 |  4- 6 || total
-------------------------+-------+-------++-------
Melee: Unarmed           |     1 |       ||     1
       Dagger            |       |    17 ||    17
 Cast: Pain              |    70 |    40 ||   110
       Vampiric Draining |     2 |    18 ||    20
Armor: Robe              |     7 |       ||     7
       Animal skin       |       |     8 ||     8
Dodge: Dodged            |    15 |    22 ||    37
